 Dungeon Crawl Stone Soup version 0.17-a0-18-gc25b939 (webtiles) character file.

207 Chiseanne the Ducker (level 5, -3/28 HPs)
             Began as a Spriggan Monk on Mar 10, 2015.
             Slain by an orc
             ... wielding a +0 short sword
              (7 damage)
             ... on level 4 of the Dungeon.
             The game lasted 00:09:13 (3970 turns).

Chiseanne the Ducker (Spriggan Monk)                Turns: 3970, Time: 00:09:14

Health: -3/28      AC:  3    Str:  8    XL:     5   Next: 54%
Magic:  10/10      EV: 24    Int: 12    God:
Gold:   165        SH:  0    Dex: 18    Spells: 0 memorised, 4 levels left

rFire  . . .     SeeInvis +       - Unarmed
rCold  . . .     Clarity  .     a - +1 robe
rNeg   . . .     SustAb   .     (shield restricted)
rPois  +         Gourm    .     (helmet restricted)
rElec  .         Spirit   .     (no cloak)
rCorr  .         Warding  .     (gloves unavailable)
rMut   .         Stasis   .     (boots unavailable)
MR     .....                    (no amulet)
Stlth  +++.......               (no ring)
                                e - ring of poison resistance

@: very quick, not resistant to hostile enchantments, fairly stealthy
A: unfitting armour, see invisible, herbivore 3, speed 3, slow metabolism 2
a: no special abilities


You were on level 4 of the Dungeon.
You were full.

You visited 1 branch of the dungeon, and saw 4 of its levels.

You collected 165 gold pieces.

Inventory:

Missiles
 i - 36 bolts
 j - 16 arrows
Armour
 a - a +1 robe (worn)
Jewellery
 e - a ring of poison resistance (left hand)
 f - an uncursed ring of flight
Magical devices
 p - a wand of invisibility (5)
Scrolls
 k - a scroll of amnesia {unknown}
 q - a scroll of teleportation
Potions
 c - a potion of cancellation
 g - 3 potions of flight
 l - a potion of magic {unknown}
 m - a potion of haste {unknown}
 n - a potion of curing {unknown}
 o - a potion of poison {unknown}
Comestibles
 b - a bread ration


   Skills:
 * Level 3.5 Fighting
 * Level 7.8 Dodging
 - Level 3.2 Stealth
 - Level 3.2 Unarmed Combat


You had 4 spell levels left.
You didn't know any spells.

Dungeon Overview and Level Annotations

Branches:
Dungeon (4/15)
 Temple: D:4-7

Altars:
The Shining One


Innate Abilities, Weirdness & Mutations

You are tiny and cannot use many weapons and most armour.
You have supernaturally acute eyesight.
You are a herbivore.
You cover ground extremely quickly.
You need consume almost no food.


Message History

You hit the orc.
The orc is lightly wounded.
The orc hits you with a short sword.
* * * LOW HITPOINT WARNING * * *
You hit the orc but do no damage.
The orc is lightly wounded.
The orc completely misses you.
You barely miss the orc.
The orc is lightly wounded.
The orc misses you.
You closely miss the orc.
The orc is lightly wounded.
The orc hits you with a short sword.
* * * LOW HITPOINT WARNING * * *
You hit the orc but do no damage.
The orc is lightly wounded.
You closely miss the orc.
The orc is lightly wounded.
The orc hits you with a short sword!
You die...

........#.)##
##########..##
#...# ##..## ..#
##..## ..# ##..##
..## ##..## #..###
##.o## #..#.#
#.@.## #....
##...# #..#
##..###..#
#.......##
#...#.....## #
#...##...#..## #
#...####..##..####
# #...#
###.##....### ..##
#####......


You could see an orc.

Vanquished Creatures
  An orc priest (D:4)
  10 adders
  2 worms (D:2)
  3 giant geckos
  3 orcs (D:4)
  A ball python (D:1)
  9 bats
  2 giant cockroaches
  8 goblins
  9 hobgoblins
  6 jackals
  5 kobolds
  2 quokkas (D:2)
  7 giant newts
  7 rats
75 creatures vanquished.

Notes
Turn   | Place    | Note
--------------------------------------------------------------
     0 | D:1      | Chiseanne, the Spriggan Monk, began the quest for the Orb.
     0 | D:1      | Reached XP level 1. HP: 11/11 MP: 2/2
   364 | D:1      | Reached XP level 2. HP: 13/16 MP: 4/4
   562 | D:1      | Reached skill level 5 in Dodging
   805 | D:1      | Reached XP level 3. HP: 16/19 MP: 6/6
  1574 | D:2      | Reached skill level 6 in Dodging
  1681 | D:2      | Reached XP level 4. HP: 18/24 MP: 8/8
  2267 | D:2      | Found a glowing golden altar of the Shining One.
  2737 | D:3      | Reached skill level 7 in Dodging
  2963 | D:3      | Reached XP level 5. HP: 26/28 MP: 10/10
  3970 | D:4      | Slain by an orc

Action                   |  1- 3 |  4- 6 || total
-------------------------+-------+-------++-------
Melee: Unarmed           |   146 |   203 ||   349
  Use: Scroll            |     1 |     7 ||     8
 Stab: Sleeping          |     9 |     5 ||    14
  Eat: Bread ration      |       |     1 ||     1
